 Dungeon Crawl Stone Soup version 0.23.1-37-gaa34b87 (webtiles) character file.

Game seed: 5880818758821539236

101 Truthflux the Chopper (level 4, 0/41 HPs)
             Began as a Minotaur Monk on Mar 24, 2019.
             Slain by a gnoll
             ... wielding a +0 halberd
              (10 damage)
             ... on level 3 of the Dungeon.
             The game lasted 00:05:24 (1293 turns).

Truthflux the Chopper (Minotaur Monk)               Turns: 1293, Time: 00:05:25

Health: 0/41       AC:  7    Str: 17    XL:     4   Next: 48%
Magic:  3/3        EV: 11    Int:  7    God:
Gold:   115        SH:  0    Dex: 12    Spells: 3/3 levels left

rFire    . . .     SeeInvis .   g - +0 hand axe
rCold    . . .     Gourm    .   (no shield)
rNeg     . . .     Faith    .   q - +0 scale mail
rPois    .         Spirit   .   (helmet restricted)
rElec    .         Reflect  .   (no cloak)
rCorr    .         Harm     .   k - +0 pair of gloves
MR       .....                  (no boots)
Stlth    ..........             (no amulet)
HPRegen  0.13/turn              (no ring)
MPRegen  0.08/turn              (no ring)

@: no status effects
A: retaliatory headbutt, horns 2
a: no special abilities


You were on level 3 of the Dungeon.
You were not hungry.

You visited 1 branch of the dungeon, and saw 3 of its levels.

You collected 115 gold pieces.

Inventory:

Hand Weapons
 a - a +0 hand axe
 g - a +0 hand axe (weapon)
 m - a +0 short sword of protection
Missiles
 p - 6 curare-tipped needles
Armour
 e - a +0 ring mail
 k - a +0 pair of gloves (worn)
 q - a +0 scale mail (worn)
Scrolls
 d - a scroll of noise {unknown}
 f - 3 scrolls of identify {unknown}
 i - 2 scrolls of remove curse {unknown}
 j - a scroll of amnesia {unknown}
 n - a scroll of fog {unknown}
 o - 3 scrolls of enchant weapon {unknown}
Potions
 h - a potion of curing {unknown}
 l - 2 potions of degeneration {unknown}
Comestibles
 c - 2 rations


   Skills:
 + Level 4.4 Fighting
 + Level 5.2 Axes
 + Level 1.0 Armour
 + Level 3.8 Dodging
 - Level 1.5 Stealth


You had 3 spell levels left.
You didn't know any spells.
Your spell library was empty.

Dungeon Overview and Level Annotations

Branches:
Dungeon (3/15)

Altars:


Innate Abilities, Weirdness & Mutations

You reflexively headbutt those who attack you in melee.
You have a pair of horns on your head.


Message History

The gnoll hits you.
You hit the gnoll.
You kill the gnoll!
Your Armour skill increases to level 1!
The gnoll barely misses you. The gnoll hits you with a +0 halberd!
Things that are here:
2 throwing nets; a gnoll corpse You hit the gnoll but do no damage.
You hit the gnoll.
The gnoll is moderately wounded.
The gnoll closely misses you.
You hit the gnoll but do no damage.
The gnoll is moderately wounded.
The gnoll hits you with a +0 halberd!
* * * LOW HITPOINT WARNING * * *
You barely miss the gnoll.
The gnoll is moderately wounded.
The gnoll hits you with a +0 halberd!
You die...

..........).<#
####.#########
.†..># ######
# # # # #
#.####### #
#gg@†...# #
######.## #
#...#.## #
#......# #
###.#### # #.#
# #.#
#############
#.#
#...........#
#.#


You could see 2 gnolls.

Vanquished Creatures
  2 gnolls (D:3)
  An adder (D:3)
  3 worms (D:2)
  5 dart slugs
  A leopard gecko (D:2)
  2 ball pythons
  6 bats
  3 giant cockroaches
  2 hobgoblins (D:1)
  7 jackals
  2 frilled lizards
  6 goblins
  7 kobolds
  6 rats
53 creatures vanquished.

Vanquished Creatures (others)
  5 toadstools (D:1)
5 creatures vanquished.

Grand Total: 58 creatures vanquished

Notes
Turn   | Place    | Note
-------+----------+-------------------------------------------
     0 | D:1      | Truthflux the Minotaur Monk began the quest for the Orb.
     0 | D:1      | Reached XP level 1. HP: 19/19 MP: 0/0
   164 | D:1      | Reached skill level 4 in Axes
   190 | D:1      | Reached XP level 2. HP: 26/27 MP: 1/1
   467 | D:2      | Reached XP level 3. HP: 17/33 MP: 2/2
  1089 | D:3      | Reached skill level 5 in Axes
  1089 | D:3      | Reached XP level 4. HP: 39/40 MP: 3/3
  1288 | D:3      | Reached skill level 1 in Armour
  1293 | D:3      | Slain by a gnoll

Skill      XL: |  1  2  3  4 |
---------------+-------------+-----
Axes           | 4 5 |  5.2
Fighting       | 4 |  4.4
Armour         | 1 |  1.0
Dodging        | |  3.8
Stealth        | |  1.5

Action                   |  1- 3 |  4- 6 || total
-------------------------+-------+-------++-------
Melee: Hand axe          |    91 |    30 ||   121
       Headbutt          |    16 |     6 ||    22
  Eat: Chunk             |     1 |       ||     1
Armor: Robe              |    12 |       ||    12
       Ring mail         |    20 |       ||    20
       Scale mail        |       |     8 ||     8
Dodge: Dodged            |    52 |    21 ||    73
